 Dungeon Crawl Stone Soup version 0.18.1-50-g88ac8fd (webtiles) character file.

12095 magog001 the Blocker (level 11, -8/97 HPs)
             Began as a Minotaur Fighter on Dec 7, 2016.
             Was an Initiate of Gozag.
             Mangled by an orc knight
             ... wielding a +0 dire flail
              (24 damage)
             ... on level 1 of the Orcish Mines.
             The game lasted 01:33:31 (11615 turns).

magog001 the Blocker (Minotaur Fighter)            Turns: 11615, Time: 01:33:32

Health: -8/97      AC: 10    Str: 26    XL:     11   Next: 57%
Magic:  1/1        EV:  7    Int:  5    God:    Gozag
Gold:   1823       SH: 24    Dex: 11    Spells: 0 memorised, 10 levels left

rFire  . . .     SeeInvis .     a - +2 war axe
rCold  + + +     Gourm    .     K - +2 plate armour of Qonoyg Ufru {rC+++ MP-9 Str+3}
rNeg   + . .     Faith    .     B - +4 large shield
rPois  .         Spirit   .     (helmet restricted)
rElec  .         Dismiss  .     j - +0 cloak
rCorr  .         Reflect  .     H - +0 pair of gloves
SustAt +         Harm     .     z - +2 pair of boots
MR     .....                    I - amulet of regeneration
Stlth  ..........               Q - ring of sustain attributes
                                n - ring of positive energy

@: corroded, not resistant to hostile enchantments, extremely unstealthy
A: retaliatory headbutt, horns 2
a: Potion Petition, Call Merchant, Bribe Branch, Renounce Religion


You were on level 1 of the Orcish Mines.
You worshipped Gozag.
Gozag was noncommittal.
You were not hungry.

You visited 2 branches of the dungeon, and saw 12 of its levels.
You also visited: Sewer.

You collected 2895 gold pieces.
You spent 960 gold pieces at shops.
You paid 112 gold pieces to Gozag.

Inventory:

Hand Weapons
 a - a +2 war axe (weapon)
 F - a +0 blowgun
Missiles
 b - 11 tomahawks
 e - 4 curare-tipped needles
 m - 82 poisoned needles
 s - 7 javelins (quivered)
Armour
 j - a +0 cloak (worn)
 z - a +2 pair of boots (worn)
 B - a +4 large shield (worn)
 H - a +0 pair of gloves (worn)
 K - the +2 plate armour of Qonoyg Ufru (worn) {rC+++ MP-9 Str+3}
   (You found it on level 6 of the Dungeon)

   It affects your strength (+3).
   It renders you almost immune to cold.
   It affects your magic capacity (-9).
Jewellery
 h - an uncursed amulet of guardian spirit
 n - a ring of positive energy (left hand)
 I - an amulet of regeneration (around neck)
 Q - a ring of sustain attributes (right hand)
Wands
 d - a wand of flame (14/48)
 t - a wand of random effects (21/48)
 u - a wand of heal wounds (6/9)
 x - a wand of iceblast (6/15)
 y - a wand of disintegration (10/24)
 A - a wand of iceblast (6/15)
 E - a wand of flame (29/48)
 J - a wand of digging (8/24)
Scrolls
 l - 2 scrolls of remove curse
 r - 2 scrolls of amnesia
 v - a scroll of fear
 C - 3 scrolls of identify
 D - 2 scrolls of immolation
 G - a scroll of recharging
 L - 2 scrolls of magic mapping
 M - a scroll of noise
 R - 2 scrolls of teleportation {unknown}
 T - a scroll of summoning {unknown}
Potions
 c - a potion of flight
 g - a potion of agility
 i - 3 potions of resistance
 k - 3 potions of brilliance
 p - 2 potions of curing
Comestibles
 f - 8 bread rations
 o - 6 meat rations
 q - 2 slices of pizza
 N - 9 royal jellies
 O - 5 beef jerkies
 P - a fruit


   Skills:
 * Level 9.3 Fighting
 * Level 9.8 Axes
 * Level 6.0 Throwing
 * Level 9.6 Armour
 - Level 4.3 Dodging
 + Level 0.1 Stealth
 * Level 13.3 Shields
 + Level 0.3 Evocations


You had 10 spell levels left.
You didn't know any spells.

Dungeon Overview and Level Annotations

Branches:
Dungeon (10/15)            Temple (0/1) D:5            Lair (0/8) D:10
    Orc (2/2) D:10
    Elf: Orc:2

Altars:
Ashenzari
Elyvilon
Gozag
Kikubaaqudgha
Makhleb
Pakellas
Trog
Vehumet
The Shining One

Shops:
D:6 *   D:9 }

Annotations:
Orc:2 juanjsm's ghost, journeyman SpEn


Innate Abilities, Weirdness & Mutations

You reflexively headbutt those who attack you in melee.
You have a pair of horns on your head.


Message History

You block the orc high priest's attack.
The orc wizard mumbles some strange words.
The orc wizard flickers and vanishes!
You block the orc warrior's attack.
You climb upwards.
You block the sixfirhy's attack. x3
The sixfirhy hits you but does no damage.
The red devil hops backward while attacking.
The red devil hits you from afar with a trident.
* * * LOW HITPOINT WARNING * * *
The sixfirhy barely misses you. You block the rust devil's attack.
There is a stone staircase leading down, spattered with blood here.
Evoke which item? (* to show all) (? for menu, Esc to quit)
Zapping:
y - a wand of disintegration {zapped: 2} (will waste charges)
Press: ? - help, Shift-Dir - straight line, f - orc high priest
Aim: an orc high priest, wielding a dire flail and wearing a ring mail (severely wounded, chance to defeat MR: 30%)
The orc high priest is blasted.
Evoking this partially-identified wand wasted a few charges.
You block the sixfirhy's attack. x3; The red devil closely misses you.
The orc knight hits you with a dire flail!!
You die...
Your body crumbles into a pile of gold.

##.....##......# ####....
#......#.......###.###...
######.###.......####..# ####
###.....###.......####...#### #
#.#......##......####.......###
##........##.....####.#.......##
##.........###..4####...........#
#.....#.....##.4.##[......#......
.....####...#..o@#[[....###......
....#####...##.oo4#).....###.....
....#..##....###.##.#....##......
#..........### ######....###...#.
###........# ##>.......##.
#.........# #.......#.#.
##....#.#>## ##.....#####
###..##...# ###....# # #...##.##
#.).##


You could see an orc knight, an orc high priest, a rust devil, a sixfirhy, a red
devil and an orc warrior.

Vanquished Creatures
  An orc high priest (Orc:1)
  An unseen horror (D:9)
  A faun (shapeshifter) (D:9)
  A manticore (D:9)
  A gargoyle (D:10)
  A kobold demonologist (Sewer)
  The ghost of ololoev the Thaumaturge, a novice DEEE (D:7)
  A two-headed ogre (D:8)
  Grinder (Sewer)
  6 trolls
  A vampire (D:9)
  A yak (D:9)
  A wyvern (D:9)
  2 hippogriffs (D:9)
  3 wargs
  Menkaure (D:6)
  2 soldier ants (D:8)
  Duvessa (D:7)
  A sky beast (D:7)
  11 orc warriors
  4 black bears
  A wasp (D:9)
  A phantom (D:4)
  7 ogres
  6 centaurs
  2 big kobolds
  5 giant frogs
  A water moccasin zombie (D:6)
  2 scorpions
  Dowan (D:7)
  A howler monkey (D:10)
  6 wights
  3 quasits
  3 giant frog zombies
  16 hounds
  2 jellies
  11 orc priests
  16 orc wizards
  3 centaur skeletons
  A giant frog skeleton (D:6)
  2 iguanas
  9 worker ants
  A big kobold zombie (Sewer)
  2 killer bee zombies
  A howler monkey zombie (D:9)
  5 worker ant zombies
  A gnoll (D:1)
  13 adders
  2 shadow imps
  7 ufetubi (Sewer)
  2 oozes (Sewer)
  2 adder zombies
  5 worms
  A dart slug (D:1)
  5 giant geckos
  54 orcs
  2 bat zombies (Sewer)
  11 giant cockroaches
  9 goblins
  7 hobgoblins
  7 jackals
  26 kobolds
  3 quokkas
  2 ball pythons
  8 bats
  4 giant cockroach zombies
  2 giant gecko zombies (D:4)
  6 giant newts
  A jackal skeleton (D:4)
  A quokka zombie (D:5)
  8 rats
  A withered plant (D:8)
341 creatures vanquished.

Vanquished Creatures (collateral kills)
  An orc sorcerer (Orc:2)
1 creature vanquished.

Vanquished Creatures (others)
  A hydra (D:10)
1 creature vanquished.

Grand Total: 343 creatures vanquished

Notes
Turn   | Place    | Note
--------------------------------------------------------------
     0 | D:1      | magog001 the Minotaur Fighter began the quest for the Orb.
     0 | D:1      | Reached XP level 1. HP: 19/19 MP: 0/0
   145 | D:1      | Reached XP level 2. HP: 5/27 MP: 1/1
   420 | D:1      | Reached skill level 4 in Shields
  1030 | D:2      | Reached XP level 3. HP: 29/33 MP: 2/2
  1035 | D:2      | Found a bloodstained altar of Trog.
  1863 | D:3      | Reached XP level 4. HP: 41/41 MP: 3/3
  1871 | D:3      | Reached skill level 1 in Dodging
  2317 | D:3      | Reached XP level 5. HP: 47/47 MP: 4/4
  2663 | D:4      | Reached skill level 5 in Shields
  2693 | D:4      | Found a shattered altar of Ashenzari.
  2860 | D:4      | Found a radiant altar of Vehumet.
  2897 | D:4      | Noticed a phantom
  2904 | D:4      | Reached skill level 5 in Fighting
  2904 | D:4      | Reached XP level 6. HP: 48/56 MP: 3/5
  2909 | D:4      | Reached skill level 5 in Armour
  3660 | D:5      | Entered Level 5 of the Dungeon
  3723 | D:5      | Reached XP level 7. HP: 61/61 MP: 6/6
  3741 | D:5      | Reached skill level 6 in Shields
  3933 | D:5      | Found a glowing drain.
  3955 | Sewer    | Entered a sewer
  4267 | Sewer    | Found a burning altar of Makhleb.
  4316 | Sewer    | Reached skill level 1 in Throwing
  4379 | Sewer    | Noticed Grinder
  4399 | Sewer    | Killed Grinder
  4399 | Sewer    | Reached skill level 5 in Axes
  4457 | Sewer    | Noticed an apprentice kobold demonologist
  4472 | Sewer    | Killed an apprentice kobold demonologist
  4472 | Sewer    | Reached skill level 7 in Shields
  4472 | Sewer    | Reached XP level 8. HP: 60/70 MP: 7/7
  4829 | D:5      | Found a staircase to the Ecumenical Temple.
  4898 | D:5      | Found a radiant altar of Vehumet.
  5283 | D:6      | Got a jade-encrusted plate armour
  5294 | D:6      | Identified the +2 plate armour of Qonoyg Ufru {rC+++ MP-9 Str+3} (You found it on level 6 of the Dungeon)
  5313 | D:6      | Found Zeim's Evil Emporium.
  5313 | D:6      | Found a burning altar of Makhleb.
  5318 | D:6      | Noticed Menkaure
  5325 | D:6      | Killed Menkaure
  5567 | D:6      | Reached skill level 8 in Shields
  5911 | D:7      | Noticed ololoev's ghost (novice DEEE)
  5923 | D:7      | Killed ololoev's ghost
  5923 | D:7      | Reached XP level 9. HP: 69/75 MP: 0/8
  5995 | D:7      | Found a glowing golden altar of the Shining One.
  6135 | D:7      | Noticed Duvessa
  6135 | D:7      | Noticed Dowan
  6142 | D:7      | Killed Dowan
  6149 | D:7      | Killed Duvessa
  6343 | D:7      | Found an opulent altar of Gozag.
  6367 | D:7      | Became a worshipper of Gozag Ym Sagoz the Greedy
  6445 | D:7      | Reached skill level 9 in Shields
  7260 | D:8      | Found an ancient bone altar of Kikubaaqudgha.
  7573 | D:8      | Reached skill level 10 in Shields
  8123 | D:9      | Reached XP level 10. HP: 86/86 MP: 0/9
  8413 | D:9      | Reached skill level 11 in Shields
  8478 | D:9      | Reached skill level 5 in Throwing
  8519 | D:9      | Noticed a faun
  8529 | D:9      | Killed a faun
  8571 | D:9      | Noticed a manticore
  8605 | D:9      | Killed a manticore
  8663 | D:9      | Got a translucent ring mail
  8798 | D:9      | Identified the +1 ring mail of Generosity {rC+ Dex+3} (You found it on level 9 of the Dungeon)
  8885 | D:9      | Found Qoghoz's Gadget Shoppe.
  8891 | D:9      | Bought a wand of heal wounds (6/9) for 960 gold pieces
  8924 | D:9      | Found a white marble altar of Elyvilon.
  8946 | D:9      | Killed an unseen horror
  8946 | D:9      | Reached skill level 12 in Shields
  9102 | D:10     | Entered Level 10 of the Dungeon
  9207 | D:10     | Found a staircase to the Orcish Mines.
  9703 | D:10     | Found a staircase to the Lair.
  9717 | D:10     | Reached XP level 11. HP: 88/95 MP: 1/10
 10167 | D:10     | Found an oddly glowing altar of Pakellas.
 10168 | D:10     | Noticed a four-headed hydra
 10173 | D:10     | Killed a four-headed hydra
 10279 | Orc:1    | Entered Level 1 of the Orcish Mines
 10304 | Orc:1    | Noticed an orc high priest
 10410 | Orc:1    | Killed an orc high priest
 10790 | Orc:1    | Reached skill level 13 in Shields
 11028 | Orc:2    | Entered Level 2 of the Orcish Mines
 11053 | Orc:2    | Noticed juanjsm's ghost (journeyman SpEn)
 11338 | Orc:2    | Noticed an orc high priest
 11338 | Orc:2    | Noticed an orc sorcerer
 11344 | Orc:2    | Noticed an orc knight
 11345 | Orc:2    | Killed an orc sorcerer
 11615 | Orc:1    | Mangled by an orc knight

Skill      XL: |  1  2  3  4  5  6  7  8  9 10 11 |
---------------+----------------------------------+-----
Fighting       | 4 5 6 7 8 9 |  9.3
Shields        | 4 5 7 8 10 12 13 | 13.3
Armour         | 4 5 6 7 8 9 |  9.6
Dodging        | 1 2 3 4 |  4.3
Axes           | 3 4 5 6 7 8 9 |  9.8
Throwing       | 2 3 4 5 6 |  6.0
Stealth        | |  0.1
Evocations     | |  0.3

Action                   |  1- 3 |  4- 6 |  7- 9 | 10-12 || total
-------------------------+-------+-------+-------+-------++-------
Melee: War axe           |    82 |   158 |   476 |   588 ||  1304
       Headbutt          |    11 |    32 |    97 |   123 ||   263
 Fire: Blowgun           |       |       |    10 |       ||    10
Evoke: Wand              |       |       |       |    12 ||    12
       Phantom mirror    |       |       |       |     1 ||     1
  Use: Potion            |     2 |     4 |     5 |     9 ||    20
       Scroll            |     5 |     5 |     9 |     3 ||    22
 Stab: Distracted        |       |       |     1 |     3 ||     4
  Eat: Chunk             |     3 |     4 |     4 |       ||    11
       Beef jerky        |       |     1 |     2 |       ||     3
       Bread ration      |       |     1 |     1 |     2 ||     4
       Fruit             |       |       |       |     2 ||     2
       Royal jelly       |       |       |       |     1 ||     1
Armor: Scale mail        |    39 |    61 |    89 |       ||   189
       Plate armour      |       |       |    85 |   281 ||   366
Dodge: Dodged            |    23 |    47 |   116 |    87 ||   273
Block: Shield            |    41 |    92 |    89 |       ||   222
       Large shield      |       |       |   331 |   714 ||  1045
